| TOP OF THE 1ST |
|
Minnesota Twins batting - Pitching for Chicago White Sox : LHP Jaden Asante
|
|
Pitching: LHP Jaden Asante
|
|
|
Batting: RHB Yonetoshi Muranaka
|
0-0: Foul Ball, location: 2F 0-1: Ball 1-1: Ground out 6-3 (Groundball, 6S, EV 67.5 MPH)
|
|
Batting: RHB Jared McClernon
|
0-0: Ground out 4-3 (Groundball, 4M, EV 106.2 MPH)
|
|
Batting: LHB Joel Kunkler
|
0-0: Foul Ball, location: 2F 0-1: Ball 1-1: Ball 2-1: Fly out, F9 (Line Drive, 9, EV 100.6 MPH)
|
| Top of the 1st over - 0 runs, 0 hits, 0 errors, 0 left on base; Minnesota 0 - Chicago 0 |
| BOTTOM OF THE 1ST |
|
Chicago White Sox batting - Pitching for Minnesota Twins : RHP Tomas Vargas
|
|
Pitching: RHP Tomas Vargas
|
|
|
Batting: SHB Dan Lash
|
0-0: Ball 1-0: Ball 2-0: Foul Ball, location: 2F 2-1: Fly out, F6 (Popup, 6MS, EV 66.9 MPH)
|
|
Batting: LHB Antonio Figueroa
|
0-0: SINGLE (Groundball, 6D, EV 102.5 MPH)
|
|
Batting: LHB Randy Rosenberry
|
0-0: Foul Ball, location: 2F 0-1: Ball 1-1: Fielders Choice at 2nd, 1-6 (Groundball, 13S, EV 73.8 MPH)
|
|
Batting: RHB Joseph Disepolo
|
0-0: Ball 1-0: SINGLE (Groundball, 6MS, EV 68.8 MPH) (infield hit) Randy Rosenberry to second
|
|
Batting: SHB Cesar Herrera
|
0-0: Foul Ball, location: 2F 0-1: Ball 1-1: Foul Ball, location: 2F 1-2: Strikes out looking
|
| Bottom of the 1st over - 0 runs, 2 hits, 0 errors, 2 left on base; Minnesota 0 - Chicago 0 |
| TOP OF THE 2ND |
|
Minnesota Twins batting - Pitching for Chicago White Sox : LHP Jaden Asante
|
|
Batting: LHB Kevin Bellman
|
0-0: Ball 1-0: Swinging Strike 1-1: SINGLE (Groundball, 4MD, EV 96.2 MPH)
|
|
Batting: SHB Buster Hyman
|
0-0: Ball Kevin Bellman is caught stealing 2nd base 2-4 1-0: Foul Ball, location: 2F 1-1: Swinging Strike 1-2: Ball 2-2: Fly out, F9 (Flyball, 89S, EV 90.0 MPH)
|
|
Batting: RHB Väinö Tapaninen
|
0-0: Swinging Strike 0-1: Ball 1-1: Foul Ball, location: 2F 1-2: Strikes out swinging
|
| Top of the 2nd over - 0 runs, 1 hit, 0 errors, 0 left on base; Minnesota 0 - Chicago 0 |
| BOTTOM OF THE 2ND |
|
Chicago White Sox batting - Pitching for Minnesota Twins : RHP Tomas Vargas
|
|
Pitching: RHP Greg Weislo
|
|
|
Batting: LHB Jack Christie
|
0-0: Ball 1-0: Ball 2-0: Ball 3-0: Base on Balls
|
|
Batting: LHB Brian Feher
|
0-0: Ball 1-0: Ball 2-0: Fly out, F8 (Flyball, 8LS, EV 90.6 MPH)
|
|
Batting: RHB Leo Navarro
|
0-0: 2-RUN HOME RUN (Line Drive, 78XD, EV 116.9 MPH), Distance : 464 ft
|
|
Batting: LHB Juan Concepcion
|
0-0: Foul Ball, location: 2F 0-1: Ball 1-1: Fly out, F9 (Flyball, 9S, EV 90.0 MPH)
|
|
Batting: SHB Dan Lash
|
0-0: Ground out 4-3 (Groundball, 4M, EV 101.2 MPH)
|
| Bottom of the 2nd over - 2 runs, 1 hit, 0 errors, 0 left on base; Minnesota 0 - Chicago 2 |
| TOP OF THE 3RD |
|
Minnesota Twins batting - Pitching for Chicago White Sox : LHP Jaden Asante
|
|
Batting: RHB Josh Zoglmann
|
0-0: Ball 1-0: Ball 2-0: Foul Ball, location: 2F 2-1: Called Strike 2-2: SINGLE (Groundball, 6MD, EV 106.2 MPH)
|
|
Batting: LHB Sadamu Noguchi
|
0-0: Ball 1-0: Foul Ball, location: 2F 1-1: Ball 2-1: Sac Bunt to 2L - play at first, batter OUT! 2-3 Josh Zoglmann to second
|
|
Batting: RHB Vinny Luna
|
0-0: Ball 1-0: Called Strike Josh Zoglmann steals 3rd base 1-1: Fly out, F7 (Flyball, 7S, EV 86.2 MPH)
|
|
Batting: RHB Yonetoshi Muranaka
|
0-0: Ball 1-0: Called Strike 1-1: Ground out 6-3 (Groundball, 6, EV 105.6 MPH)
|
| Top of the 3rd over - 0 runs, 1 hit, 0 errors, 1 left on base; Minnesota 0 - Chicago 2 |
| BOTTOM OF THE 3RD |
|
Chicago White Sox batting - Pitching for Minnesota Twins : RHP Greg Weislo
|
|
Batting: LHB Antonio Figueroa
|
0-0: Foul Ball, location: 2F 0-1: Ball 1-1: Ball 2-1: Swinging Strike 2-2: Foul Ball, location: 2F 2-2: Ground out 4-3 (Groundball, 4, EV 96.9 MPH)
|
|
Batting: LHB Randy Rosenberry
|
0-0: Ball 1-0: Ball 2-0: Swinging Strike 2-1: Foul Ball, location: 2F 2-2: Ball 3-2: Foul Ball, location: 2F 3-2: Foul Ball, location: 2F 3-2: SINGLE (Line Drive, 6M, EV 109.4 MPH)
|
|
Batting: RHB Joseph Disepolo
|
0-0: Swinging Strike 0-1: DOUBLE (Line Drive, 7LS, EV 100.6 MPH) Randy Rosenberry to third Runner from 3rd tries for Home, SAFE, no throw by LF
|
|
Batting: SHB Cesar Herrera
|
0-0: Called Strike 0-1: DOUBLE (Flyball, 8LXD, EV 108.1 MPH) Joseph Disepolo scores
|
|
Batting: LHB Jack Christie
|
0-0: Called Strike 0-1: Ground out 2-3 (Groundball, 2L, EV 72.5 MPH) Cesar Herrera to third
|
|
Batting: LHB Brian Feher
|
0-0: Ball 1-0: SINGLE (Line Drive, 8LS, EV 91.9 MPH) Cesar Herrera scores
|
|
Batting: RHB Leo Navarro
|
0-0: Ball 1-0: Ball 2-0: Fly out, F8 (Flyball, 8LXD, EV 98.8 MPH)
|
| Bottom of the 3rd over - 3 runs, 4 hits, 0 errors, 1 left on base; Minnesota 0 - Chicago 5 |
| TOP OF THE 4TH |
|
Minnesota Twins batting - Pitching for Chicago White Sox : LHP Jaden Asante
|
|
Batting: RHB Jared McClernon
|
0-0: Fly out, F9 (Flyball, 9, EV 89.4 MPH)
|
|
Batting: LHB Joel Kunkler
|
0-0: Called Strike 0-1: Fly out, F4 (Popup, 3DF, EV 54.4 MPH)
|
|
Batting: LHB Kevin Bellman
|
0-0: Ball 1-0: Called Strike 1-1: SINGLE (Groundball, 25, EV 68.1 MPH) (infield hit)
|
|
Batting: SHB Buster Hyman
|
0-0: Called Strike Kevin Bellman steals 2nd, throwing error, E2 Kevin Bellman to third 0-1: Foul Ball, location: 2F 0-2: Foul Ball, location: 2F 0-2: Fly out, F8 (Flyball, 89S, EV 91.2 MPH)
|
| Top of the 4th over - 0 runs, 1 hit, 1 error, 1 left on base; Minnesota 0 - Chicago 5 |
| BOTTOM OF THE 4TH |
|
Chicago White Sox batting - Pitching for Minnesota Twins : RHP Greg Weislo
|
|
Batting: LHB Juan Concepcion
|
0-0: Ball 1-0: Ball 2-0: Ball 3-0: Hit by Pitch
|
|
Batting: SHB Dan Lash
|
0-0: Foul Ball, location: 2F 0-1: Ball 1-1: Ground out 1-3 (Groundball, 23, EV 66.9 MPH) Juan Concepcion to second
|
|
Batting: LHB Antonio Figueroa
|
0-0: Foul Ball, location: 2F 0-1: SINGLE (Groundball, 23, EV 61.9 MPH) (infield hit) Juan Concepcion to third
|
|
Batting: LHB Randy Rosenberry
|
0-0: Ball 1-0: Swinging Strike 1-1: Foul Ball, location: 2F 1-2: Ball 2-2: Strikes out swinging
|
|
Batting: RHB Joseph Disepolo
|
0-0: Ball 1-0: Ball 2-0: Called Strike 2-1: Foul Ball, location: 2F 2-2: Foul Ball, location: 2F 2-2: Ball 3-2: Fly out, F8 (Line Drive, 8RD, EV 108.8 MPH)
|
| Bottom of the 4th over - 0 runs, 1 hit, 0 errors, 2 left on base; Minnesota 0 - Chicago 5 |
| TOP OF THE 5TH |
|
Minnesota Twins batting - Pitching for Chicago White Sox : LHP Jaden Asante
|
|
Batting: RHB Väinö Tapaninen
|
0-0: Swinging Strike 0-1: Foul Ball, location: 2F 0-2: Foul Ball, location: 2F 0-2: Strikes out looking
|
|
Batting: RHB Josh Zoglmann
|
0-0: SINGLE (Groundball, 6M, EV 95.6 MPH)
|
|
Batting: LHB Sadamu Noguchi
|
0-0: Called Strike 0-1: SINGLE (Groundball, 6M, EV 103.8 MPH) (infield hit) Josh Zoglmann to second
|
|
Batting: RHB Vinny Luna
|
0-0: Ball 1-0: Ball 2-0: Called Strike 2-1: Foul Ball, location: 2F 2-2: Ball 3-2: Fielders Choice at 2nd, 1-4 (Groundball, 15S, EV 70.0 MPH) Josh Zoglmann to third
|
|
Batting: RHB Yonetoshi Muranaka
|
0-0: Ball 1-0: SINGLE (Groundball, 6MD, EV 95.0 MPH) Josh Zoglmann scores Vinny Luna to second
|
|
Batting: RHB Jared McClernon
|
0-0: Hit by Pitch Vinny Luna to third Yonetoshi Muranaka to second
|
|
Batting: LHB Joel Kunkler
|
0-0: Swinging Strike 0-1: SINGLE (Flyball, 8RS, EV 91.9 MPH) Vinny Luna scores Yonetoshi Muranaka to third Jared McClernon to second Runner from 3rd tries for Home, throw by CF and OUT! 8-2
|
| Top of the 5th over - 2 runs, 4 hits, 0 errors, 2 left on base; Minnesota 2 - Chicago 5 |
| BOTTOM OF THE 5TH |
|
Chicago White Sox batting - Pitching for Minnesota Twins : RHP Greg Weislo
|
|
Batting: SHB Cesar Herrera
|
0-0: Called Strike 0-1: Ball 1-1: Ball 2-1: Foul Ball, location: 2F 2-2: SINGLE (Groundball, 4MD, EV 105.6 MPH)
|
|
Batting: LHB Jack Christie
|
0-0: Ball 1-0: Ball 2-0: Ball 3-0: Called Strike 3-1: Foul Ball, location: 2F 3-2: Ground out U3 (Groundball, 34, EV 82.5 MPH) Cesar Herrera to second
|
|
Batting: LHB Brian Feher
|
0-0: Called Strike 0-1: Swinging Strike 0-2: Ball 1-2: Fly out, F3 (Flyball, 3D, EV 90.6 MPH)
|
|
Batting: RHB Leo Navarro
|
0-0: SINGLE (Line Drive, 78S, EV 104.4 MPH) Cesar Herrera to third Runner from 3rd tries for Home, SAFE, throw by LF to home
|
|
Pitching: RHP Travis Feind
|
|
|
Batting: LHB Juan Concepcion
|
0-0: Foul Ball, location: 2F 0-1: Swinging Strike 0-2: Ball 1-2: Strikes out swinging
|
| Bottom of the 5th over - 1 run, 2 hits, 0 errors, 1 left on base; Minnesota 2 - Chicago 6 |
| TOP OF THE 6TH |
|
Minnesota Twins batting - Pitching for Chicago White Sox : LHP Jaden Asante
|
|
Batting: LHB Kevin Bellman
|
0-0: Called Strike 0-1: Foul Ball, location: 2F 0-2: SINGLE (Line Drive, 4MD, EV 94.4 MPH)
|
|
Batting: SHB Buster Hyman
|
0-0: Foul Ball, location: 2F 0-1: Ground out 5-3 (Groundball, 56S, EV 63.8 MPH) Kevin Bellman to second
|
|
Batting: RHB Väinö Tapaninen
|
0-0: Ball 1-0: Ball 2-0: Foul Ball, location: 2F 2-1: Ball 3-1: Ground out 6-3 (Groundball, 6, EV 84.4 MPH) Kevin Bellman to third
|
|
Batting: RHB Josh Zoglmann
|
0-0: DOUBLE (Line Drive, 78D, EV 110.6 MPH) Kevin Bellman scores
|
|
Batting: LHB Sadamu Noguchi
|
0-0: Ball 1-0: Ground out 6-3 (Groundball, 6, EV 88.1 MPH)
|
| Top of the 6th over - 1 run, 2 hits, 0 errors, 1 left on base; Minnesota 3 - Chicago 6 |
| BOTTOM OF THE 6TH |
|
Chicago White Sox batting - Pitching for Minnesota Twins : RHP Travis Feind
|
|
Batting: SHB Dan Lash
|
0-0: Ball 1-0: Foul Ball, location: 2F 1-1: Ball 2-1: Foul Ball, location: 2F 2-2: Ground out 5-3 (Groundball, 5L, EV 81.2 MPH)
|
|
Batting: LHB Antonio Figueroa
|
0-0: Ball 1-0: SOLO HOME RUN (Flyball, 89XD, EV 101.2 MPH), Distance : 390 ft
|
|
Batting: LHB Randy Rosenberry
|
0-0: Ball 1-0: Called Strike 1-1: Ball 2-1: Foul Ball, location: 2F 2-2: Ball 3-2: Base on Balls
|
|
Batting: RHB Joseph Disepolo
|
0-0: SINGLE (Groundball, 56D, EV 95.0 MPH) Randy Rosenberry to second
|
|
Batting: SHB Cesar Herrera
|
0-0: Called Strike 0-1: Swinging Strike Passed Ball! Randy Rosenberry to third Joseph Disepolo to second 0-2: Fly out, F8 (Flyball, 8LD, EV 106.2 MPH) Runner from 3rd tags up, SCORES, throw by CF
|
|
Batting: LHB Jack Christie
|
0-0: Ball 1-0: Called Strike 1-1: Ground out 5-3 (Groundball, 6, EV 80.0 MPH)
|
| Bottom of the 6th over - 2 runs, 2 hits, 0 errors, 1 left on base; Minnesota 3 - Chicago 8 |
| TOP OF THE 7TH |
|
Minnesota Twins batting - Pitching for Chicago White Sox : LHP Jaden Asante
|
|
Batting: RHB Vinny Luna
|
0-0: Ground out 6-3 (Groundball, 6, EV 106.9 MPH)
|
|
Batting: RHB Yonetoshi Muranaka
|
0-0: Hit by Pitch
|
|
Batting: RHB Jared McClernon
|
0-0: Called Strike 0-1: Ball 1-1: Called Strike 1-2: Ball 2-2: Strikes out looking
|
|
Batting: LHB Joel Kunkler
|
0-0: Ball 1-0: Ball Wild Pitch! Yonetoshi Muranaka to second 2-0: Foul Ball, location: 2F 2-1: Called Strike 2-2: Foul Ball, location: 2F 2-2: Ball 3-2: SINGLE (Groundball, 6MS, EV 69.4 MPH) (infield hit) Yonetoshi Muranaka to third
|
|
Batting: LHB Kevin Bellman
|
0-0: Ball 1-0: Ball 2-0: Fly out, F9 (Flyball, 89S, EV 95.6 MPH)
|
| Top of the 7th over - 0 runs, 1 hit, 0 errors, 2 left on base; Minnesota 3 - Chicago 8 |
| BOTTOM OF THE 7TH |
|
Chicago White Sox batting - Pitching for Minnesota Twins : RHP Travis Feind
|
|
Batting: LHB Brian Feher
|
0-0: Foul Ball, location: 2F 0-1: SINGLE (Groundball, 34D, EV 108.1 MPH) (infield hit)
|
|
Batting: RHB Leo Navarro
|
0-0: Ball 1-0: Grounds into double play, 6-4-3 (Groundball, 6, EV 80.0 MPH)
|
|
Batting: LHB Juan Concepcion
|
0-0: Ball 1-0: Called Strike 1-1: Foul Ball, location: 2F 1-2: Ball 2-2: Foul Ball, location: 2F 2-2: Foul Ball, location: 2F 2-2: Ball 3-2: Base on Balls
|
|
Pitching: RHP Oscar Zuniga
|
|
|
Batting: SHB Dan Lash
|
0-0: Ball 1-0: Ball 2-0: Foul Ball, location: 2F 2-1: Ball 3-1: Foul Ball, location: 2F 3-2: Foul Ball, location: 2F 3-2: Base on Balls Juan Concepcion to second
|
|
Batting: LHB Antonio Figueroa
|
0-0: Called Strike 0-1: Fly out, F6 (Popup, 6, EV 78.1 MPH)
|
| Bottom of the 7th over - 0 runs, 1 hit, 0 errors, 2 left on base; Minnesota 3 - Chicago 8 |
| TOP OF THE 8TH |
|
Minnesota Twins batting - Pitching for Chicago White Sox : LHP Jaden Asante
|
|
Batting: SHB Buster Hyman
|
0-0: Foul Ball, location: 2F 0-1: Ball 1-1: Ball 2-1: Ground out 6-3 (Groundball, 6, EV 87.5 MPH)
|
|
Pitching: RHP Jimmy Seager
|
|
|
Batting: RHB Väinö Tapaninen
|
0-0: Ball 1-0: Foul Ball, location: 2F 1-1: Ball 2-1: Ground out 6-3 (Groundball, 6MS, EV 90.6 MPH)
|
|
Batting: RHB Josh Zoglmann
|
0-0: Swinging Strike 0-1: Ball 1-1: Ground out 4-3 (Groundball, 4MS, EV 82.5 MPH)
|
| Top of the 8th over - 0 runs, 0 hits, 0 errors, 0 left on base; Minnesota 3 - Chicago 8 |
| BOTTOM OF THE 8TH |
|
Chicago White Sox batting - Pitching for Minnesota Twins : RHP Oscar Zuniga
|
|
Batting: LHB Randy Rosenberry
|
0-0: Swinging Strike 0-1: Called Strike 0-2: Ball 1-2: Foul Ball, location: 2F 1-2: Ball 2-2: Ball 3-2: Ground out 6-3 (Groundball, 6M, EV 104.4 MPH)
|
|
Batting: RHB Joseph Disepolo
|
0-0: Ball 1-0: Foul Ball, location: 2F 1-1: Ball 2-1: Ball 3-1: Ground out 4-3 (Groundball, 4, EV 97.5 MPH)
|
|
Batting: SHB Cesar Herrera
|
0-0: Ball 1-0: Called Strike 1-1: Fly out, F9 (Flyball, 9D, EV 100.6 MPH)
|
| Bottom of the 8th over - 0 runs, 0 hits, 0 errors, 0 left on base; Minnesota 3 - Chicago 8 |
| TOP OF THE 9TH |
|
Minnesota Twins batting - Pitching for Chicago White Sox : RHP Jimmy Seager
|
|
Batting: LHB Sadamu Noguchi
|
0-0: Called Strike 0-1: Called Strike 0-2: Ball 1-2: Foul Ball, location: 2F 1-2: Strikes out swinging
|
|
Batting: RHB Vinny Luna
|
0-0: Ball 1-0: Foul Ball, location: 2F 1-1: Foul Ball, location: 2F 1-2: Foul Ball, location: 2F 1-2: Foul Ball, location: 2F 1-2: SINGLE (Groundball, 6MD, EV 101.2 MPH) (infield hit)
|
|
Pitching: RHP Jerry JimAnez
|
|
|
Batting: RHB Yonetoshi Muranaka
|
0-0: Ball Wild Pitch! Vinny Luna to second 1-0: Ball 2-0: Foul Ball, location: 2F 2-1: Ground out 3-1 (Groundball, 34, EV 110.0 MPH) Vinny Luna to third
|
|
Batting: RHB Jared McClernon
|
0-0: Foul Ball, location: 2F 0-1: Ball 1-1: Ball 2-1: Swinging Strike 2-2: Strikes out swinging
|
| Top of the 9th over - 0 runs, 1 hit, 0 errors, 1 left on base; Minnesota 3 - Chicago 8 |
|